 Dungeon Sprint DCSS version 0.30-a0-719-gcc4359ea44 (webtiles) character file.

Game seed: 12290980419342070400

12 BigDaddyOpFi the Trooper (level 2, -3/25 HPs)
             Began as a Demonspawn Fighter on Jan 26, 2023.
             Slain by a gnoll
             ... wielding a +0 spear
              (6 damage)
             ... in the Dungeon (Sprint IX: "|||||||||||||||||||||||||||||").
             The game lasted 00:00:08 (27 turns).

BigDaddyOpFi the Trooper (Demonspawn Fighter)         Turns: 27, Time: 00:00:08

Health: -3/25      AC:  6    Str: 16    XL:     2   Next: 20%
Magic:  2/2        EV:  8    Int:  9    God:
Gold:   0          SH:  4    Dex: 12    Spells: 1/1 levels left

rFire   . . .      SeeInvis .    a - +0 war axe
rCold   . . .      Faith    .    c - +0 buckler
rNeg    . . .      Spirit   .    b - +0 scale mail
rPois   .          Reflect  .    (no helmet)
rElec   .          Harm     .    (no cloak)
rCorr   .          Rampage  .    (no gloves)
Will    .....      NoTele   +    (no boots) Stlth
                                 (no amulet)
HPRegen 0.24/turn                (no ring)
MPRegen 0.08/turn                (no ring)

@: mighty
A: spiny 1
a: no special abilities


You were in the Dungeon.
You visited 1 branch

Inventory:

Hand Weapons
 a - a +0 war axe (weapon)
Armour
 b - a +0 scale mail (worn)
 c - a +0 buckler (worn)
Scrolls
 j - a scroll of blinking
Potions
 e - a potion of curing
 g - a potion of haste
 h - 2 potions of magic
 i - a potion of berserk rage


   Skills:
 + Level 3.7 Fighting
 + Level 2.6 Axes
 + Level 3.3 Armour
 + Level 3.4 Shields


You had one spell level left.
You didn't know any spells.
Your spell library was empty.

Dungeon Overview and Level Annotations

Branches:
Dungeon (1/1)

Altars:


Innate Abilities, Weirdness & Mutations

You are partially covered in sharp spines.


Message History

You kill the endoplasm!
You barely miss the hobgoblin.
The hobgoblin hits you but does no damage. x2
You slash the hobgoblin!
You kill the hobgoblin!
You see here a +0 club.
You open the door.
An iguana, a jelly, an adder, a gnoll and a white imp come into view.
The adder hisses angrily.
The gnoll shouts!
The white imp shouts!
You closely miss the white imp.
The white imp hits you but does no damage.
The gnoll hits you from afar with a +0 spear.
The gnoll hits you but does no damage.
The white imp hits you but does no damage.
You hit the white imp.
The white imp is moderately wounded.
The iguana hisses menacingly.
The gnoll hits you from afar with a +0 spear.
The white imp gestures at you. The puff of frost hits you!
* * * LOW HITPOINT WARNING * * *
You feel much better. The gnoll hits you but does no damage.
The white imp barely misses you.
You feel very mighty all of a sudden.
The white imp hits you but does no damage.
The gnoll hits you from afar with a +0 spear!
You slash the white imp!
You kill the white imp!
The gnoll hits you from afar with a +0 spear.
You have reached level 2!
Your demonic ancestry asserts itself...
Sharp spines emerge from parts of your body.
The gnoll hits you with a +0 spear.
There is an open door here.
You slash the gnoll!
The gnoll is heavily wounded.
The gnoll is struck by your spines. The gnoll hits you with a +0 spear!
* * * LOW HITPOINT WARNING * * *
The gnoll is struck by your spines. The gnoll hits you with a +0 spear.
You die... ▓▓▓▓▓▓▓▓▓▓▓▓▓▓▓▓▓▓ +.lJSg@....)†...<▓ ▓▓▓▓▓▓▓▓▓▓▓▓▓▓▓▓▓▓

You could see an iguana, a jelly, a gnoll and an adder.

Vanquished Creatures
  A white imp (D)
  An endoplasm (D)
  A goblin (D)
  A hobgoblin (D)
  A bat (D)
  A frilled lizard (D)
6 creatures vanquished.

Notes
Turn   | Place    | Note
-------+----------+-------------------------------------------
     0 | D        | BigDaddyOpFi the Demonspawn Fighter began the quest for the
                  | Orb.
     0 | D        | Reached XP level 1. HP: 18/18 MP: 1/1
    20 | D        | Noticed an iguana
    20 | D        | Noticed a jelly
    26 | D        | Gained mutation: You are partially covered in sharp spines.
                  | [demonic ancestry]
    26 | D        | Reached XP level 2. HP: 14/25 MP: 2/2
    27 | D        | Slain by a gnoll

Illustrated notes

Levels and vault maps discovered:
D:        linesprint [early_d, line_temple, items_1, d_10, items_2, lair_1,
          lair_end, items_3, orc_1, orc_end, items_4, d_15, swamp_1, shoals_1,
          snake_1, spider_1, d_20, vaults_1, items_5, swamp_end, shoals_end,
          snake_end, spider_end, vaults_end, d_27, items_6, zot_1, zot_end,
          crypt_end, forest_end, elf_end, slime_end, tomb_end, abyss_end,
          pan_hell_end]

Skill      XL: |  1 |
---------------+----+-----
Axes           | 2 |  2.6
Armour         | 3 |  3.3
Shields        | 3 |  3.4
Fighting       | |  3.7

Action                     || total
---------------------------++-------
  Melee: War axe           ||    14
    Use: Potion            ||     2
 Armour: Scale mail        ||    11
  Dodge: Dodged            ||     1
  Block: Buckler           ||     4

Table legend: (Time is in decaauts)
 A = Elapsed time spent in this place.
 B = Non-inter-level travel time spent in this place.
 C = Inter-level travel time spent in this place.
 D = Time resting spent in this place.
 E = Time spent auto-exploring this place.
 F = Levels seen in this place.
 G = Mean time per level.
                   A        B        C        D        E       F      G
               +--------+--------+--------+--------+--------+-----+--------+
         Total |     32 |     32 |      0 |      0 |      0 |   1 |   32.0 |
       Dungeon |     32 |     32 |      0 |      0 |      0 |   1 |   32.0 |
               +--------+--------+--------+--------+--------+-----+--------+

Top non-repeatable levels by time:
       D: 32 daAuts
